 Dungeon Crawl Stone Soup version 0.30.0-18-gc0e69614cb (webtiles) character file.

Game seed: 5840124463914319051

5954 Edyrem the Basher (level 10, -6/86 HPs)
             Began as a Minotaur Fighter on May 23, 2023.
             Was a Priest of the Shining One.
             Mangled by a red ugly thing (18 damage)
             ... on level 8 of the Dungeon.
             The game lasted 00:13:59 (7278 turns).

Edyrem the Basher (Minotaur Fighter)                Turns: 7278, Time: 00:14:00

Health: -6/86      AC:  9    Str: 24    XL:     10   Next: 54%
Magic:  0/21       EV: 13    Int:  5    God:    the Shining One [***...]
Gold:   604        SH: 17    Dex: 11    Spells: 9/9 levels left

rFire   . . .        b - +2 whip (elec)
rCold   . . .        k - +0 kite shield
rNeg    + . .        O - +2 leather armour of the Earth {-Tele rPois Regen+ Slay+5}
rPois   +            (helmet restricted)
rElec   .            E - +0 cloak {rPois}
rCorr   +            N - +0 pair of gloves
SInv    .            y - +0 pair of boots
Will    .....        u - amulet of guardian spirit
Stlth   +            m - ring of magical power
HPRegen 1.14/turn    M - ring of resist corrosion
MPRegen 0.17/turn

%: no teleportation, guardian spirit
@: divinely shielded, glowing
A: horns 2, retaliatory headbutt
a: Renounce Religion, Divine Shield, Cleansing Flame


You were on level 8 of the Dungeon.
You worshipped the Shining One.
The Shining One was most pleased with you.
You visited 1 branch of the dungeon, and saw 8 of its levels.
You also visited: Sewer.

You collected 604 gold pieces.

Inventory:

Hand Weapons
 a - a +0 war axe
 b - a +2 whip of electrocution (weapon)
 c - a +0 morningstar
 g - a +4 short sword of venom
Missiles
 p - 29 poisoned darts (quivered)
 I - a throwing net
Armour
 f - a +0 scale mail of cold resistance
 k - a +0 kite shield (worn)
 s - a +0 buckler
 y - a +0 pair of boots (worn)
 E - a +0 cloak of poison resistance (worn)
 G - a +0 plate armour
 N - a +0 pair of gloves (worn)
 O - the +2 leather armour of the Earth (worn) {-Tele rPois Regen+ Slay+5}
   (You found it on level 8 of the Dungeon)

   Slay:      It affects your accuracy & damage with ranged weapons and melee
   (+5).
   rPois:     It protects you from poison.
   -Tele:     It prevents most forms of teleportation.
   Regen:     It increases your rate of health regeneration.
Jewellery
 m - a ring of magical power (left hand)
 u - an amulet of guardian spirit (around neck)
 L - a ring of see invisible
 M - a ring of resist corrosion (right hand)
Wands
 F - a wand of polymorph (3)
 J - a wand of acid (5)
 K - a wand of roots (6)
Scrolls
 e - 3 scrolls of blinking
 h - a scroll of fog
 i - 2 scrolls of immolation {unknown}
 j - 4 scrolls of enchant armour
 l - 3 scrolls of teleportation
 n - a scroll of identify {@r1}
 o - 5 scrolls of magic mapping
 r - a scroll of silence {unknown}
 v - a scroll of brand weapon {unknown}
 w - 2 scrolls of enchant weapon {unknown}
 A - 2 scrolls of poison {unknown}
 C - 2 scrolls of amnesia {unknown}
Potions
 d - a potion of might
 q - 2 potions of berserk rage {unknown}
 t - 2 potions of attraction
 x - a potion of heal wounds {unknown}
 z - a potion of brilliance {unknown}
 B - a potion of degeneration {unknown}
 D - 2 potions of flight
 H - 2 potions of mutation
 P - 2 potions of lignification {unknown}
 Q - a potion of ambrosia


   Skills:
 + Level 7.0 Fighting
 - Level 2.4(8.0) Axes
 - Level 11.8(12.0) Maces & Flails
 + Level 6.8 Armour
 - Level 8.3 Dodging
 + Level 6.9 Shields
 + Level 4.7 Invocations


You had 9 spell levels left.
You didn't know any spells.
Your spell library contained the following spells:

 Spells                   Type           Power      Damage    Failure   Level
 Freeze                   Ice            0%         1d3       75%         1
 Blink                    Tloc           0%         N/A       87%         2
 Lesser Beckoning         Tloc           0%         N/A       87%         2
 Momentum Strike          Conj/Tloc      0%         3d8       87%         2
 Sublimation of Blood     Necr           0%         N/A       87%         2
 Frozen Ramparts          Ice            0%         1d1       98%         3
 Gell's Gravitas          Tloc           0%         N/A       98%         3
 Hailstorm                Conj/Ice       0%         3d3       98%         3
 Inner Flame              Hex/Fire       0%         N/A       98%         3
 Teleport Other           Tloc           0%         N/A       98%         3
 Vhi's Electric Charge    Tloc/Air       0%         N/A       98%         3
 Volatile Blastmotes      Fire/Tloc      0%         2d10      98%         3
 Fulminant Prism          Conj/Hex       0%         3d5       100%        4
 Iskenderun's Mystic Bla  Conj/Tloc      0%         2d3       100%        4
 Petrify                  Tmut/Erth      0%         N/A       100%        4
 Arcjolt                  Conj/Air       0%         1d10      100%        5
 Irradiate                Conj/Tmut      0%         3d11      100%        5
 Lee's Rapid Deconstruct  Erth           0%         3d4*      100%        5
 Yara's Violent Unravell  Hex/Tmut       0%         3d3       100%        5
 Enfeeble                 Hex            0%         N/A       100%        7
 Maxwell's Capacitive Co  Air            0%         ∞         100%        8


Dungeon Overview and Level Annotations

Branches:
Dungeon (8/15)             Temple (0/1) D:6           Sewer (visited)
   Lair: D:8-11

Altars:
Ashenzari
Cheibriados
Gozag
Makhleb
Yredelemnul
The Shining One

Shops:
D:5 (!(   D:6 (


Innate Abilities, Weirdness & Mutations

You have a pair of horns on your head.
You reflexively headbutt those who attack you in melee.


Message History

You hit the two-headed ogre.
Lightning courses through the two-headed ogre!
You kill the two-headed ogre!
Your Fighting skill increases to level 7!
The tengu warrior blocks your attack.
You headbutt the tengu warrior!
The tengu warrior is lightly wounded.
The tengu warrior hits you with a +0 war axe!
You block the tengu warrior's attack.
The tengu warrior claws you but does no damage.
You whack the tengu warrior!
Lightning courses through the tengu warrior!
The tengu warrior blocks your attack.
The tengu warrior is heavily wounded.
You whack the tengu warrior! Your headbutt misses the tengu warrior.
The tengu warrior is severely wounded.
The red ugly thing claws you!
You are engulfed in flames!!
The tengu warrior hits you with a +0 war axe!
* * * LOW HITPOINT WARNING * * *
You block the tengu warrior's attack.
The tengu warrior claws you but does no damage.
You hit the tengu warrior. You headbutt the tengu warrior!
The tengu warrior is almost dead.
The bullfrog misses you. The red ugly thing closely misses you.
You furiously retaliate!
You headbutt the red ugly thing.
The tengu warrior hits you with a +0 war axe!
* * * LOW HITPOINT WARNING * * *
You block the tengu warrior's attack. The tengu warrior barely misses you.
Your shield is strengthened by the Shining One's divine power.
The bullfrog barely misses you. You block the red ugly thing's attack.
You block the bullfrog's attack. You block the tengu warrior's attack.
The tengu warrior closely misses you. You block the tengu warrior's attack.
The tengu warrior blocks your attack.
The tengu warrior is almost dead.
You block the bullfrog's attack.
You whack the tengu warrior!
You kill the tengu warrior!
The red ugly thing claws you.
* * * LOW HITPOINT WARNING * * *
You are engulfed in flames!!
You die...

...###..##...####.............#
#..##..##.#### ###..........#
...#...#.## ##.........###
)........#.. ..#............
####.....#.### ###
#.........### # #..#..# #?! ($
#.......[## ##.#..#
#######.#.......##
#.#..#..8#..#8..#.......#
##...##..'$u@).##.....#.#
#....####8F####.....###.# ##
#.......##'#........# #.###.
#.......>.(........## #.....
##................#####...##
##............>...###.....##
...................###........
##..................#.........
#.................#...........


You could see a red ugly thing and a bullfrog.

Vanquished Creatures
  A two-headed ogre (D:8)
  A tengu warrior (D:8)
  The ghost of AverageBear the Cleaver, a novice HOMo of Beogh (D:6)
  The ghost of ojifijod the Cleaver, a novice FoFi of Okawaru (D:5)
  A manticore (D:8)
  A komodo dragon (D:8)
  A wyvern (D:7)
  Edmund (D:6)
  A water moccasin (D:6)
  2 sky beasts
  An ice beast (D:6)
  2 black bears
  2 orc warriors (D:6)
  2 ogres
  2 centaurs
  2 phantoms
  3 kobold brigands
  A wyvern zombie (D:6)
  4 bullfrogs
  A gnoll sergeant (D:8)
  2 scorpions (D:5)
  A water moccasin zombie (D:6)
  5 killer bees (D:8)
  2 howler monkeys (D:7)
  3 bullfrog zombies (D:6)
  A jelly (D:7)
  Crazy Yiuf (D:5)
  4 gnoll boudas
  2 hounds
  6 orc priests
  A sleepcap (D:5)
  5 iguanas
  An orc wizard (D:3)
  A howler monkey zombie (D:6)
  20 gnolls
  17 adders
  8 river rats
  3 white imps
  2 worms (D:4)
  A dart slug (D:4)
  24 orcs
  6 endoplasms
  5 hobgoblins
  A quokka (D:2)
  19 ball pythons
  7 bats
  4 frilled lizards (Sewer)
  8 goblins
  22 kobolds
  26 rats
239 creatures vanquished.

Notes
Turn   | Place    | Note
-------+----------+-------------------------------------------
     0 | D:1      | Edyrem the Minotaur Fighter began the quest for the Orb.
     0 | D:1      | Reached XP level 1. HP: 19/19 MP: 0/0
   129 | D:1      | Reached skill level 1 in Dodging
   232 | D:1      | Reached XP level 2. HP: 26/26 MP: 1/1
  1506 | D:3      | Reached XP level 3. HP: 21/31 MP: 2/2
  1589 | D:3      | Reached XP level 4. HP: 36/39 MP: 3/3
  1619 | D:3      | Found a faded altar of an unknown god.
  1754 | D:3      | Reached skill level 5 in Dodging
  1754 | D:3      | Reached XP level 5. HP: 5/45 MP: 2/4
  1999 | D:3      | Found a glowing golden altar of the Shining One.
  2011 | D:3      | Became a worshipper of the Shining One
  2297 | D:4      | Reached XP level 6. HP: 38/51 MP: 5/5
  2466 | D:4      | Found a snail-covered altar of Cheibriados.
  2633 | D:4      | Found a glowing drain.
  2637 | Sewer    | Entered a sewer
  3005 | Sewer    | Reached * piety under the Shining One
  3019 | Sewer    | Reached XP level 7. HP: 25/57 MP: 6/6
  3323 | D:4      | Found a broken altar of Ashenzari.
  3387 | D:5      | Entered Level 5 of the Dungeon
  3397 | D:5      | Reached skill level 1 in Maces & Flails
  3490 | D:5      | Reached skill level 2 in Maces & Flails
  3490 | D:5      | Reached skill level 1 in Invocations
  3511 | D:5      | Reached skill level 3 in Maces & Flails
  3525 | D:5      | Reached XP level 8. HP: 59/67 MP: 5/8
  3651 | D:5      | Found Tesea's Weapon Boutique.
  3719 | D:5      | Found Tait's Distillery.
  3788 | D:5      | Found Metakkoq's Weapon Shoppe.
  3802 | D:5      | Reached skill level 4 in Maces & Flails
  3854 | D:5      | Found a runed translucent gate.
  3854 | D:5      | Found a runed translucent gate.
  3855 | D:5      | Found a runed translucent gate.
  3856 | D:5      | Noticed ojifijod's ghost (novice FoFi)
  3969 | D:5      | Found a runed translucent door.
  3970 | D:5      | Noticed Crazy Yiuf
  3977 | D:5      | Killed Crazy Yiuf
  4139 | D:5      | Killed ojifijod's ghost
  4140 | D:5      | Reached skill level 5 in Fighting
  4140 | D:5      | Reached skill level 5 in Maces & Flails
  4140 | D:5      | Reached skill level 5 in Armour
  4140 | D:5      | Reached skill level 5 in Shields
  4264 | D:6      | Found a staircase to the Ecumenical Temple.
  4397 | D:6      | Reached XP level 9. HP: 73/75 MP: 10/10
  4399 | D:6      | Reached skill level 6 in Maces & Flails
  4439 | D:6      | Noticed Edmund
  4444 | D:6      | Killed Edmund
  4489 | D:6      | Reached skill level 7 in Maces & Flails
  4546 | D:6      | Found Voqieh's Weapon Boutique.
  4623 | D:6      | Reached ** piety under the Shining One
  4625 | D:6      | Reached skill level 8 in Maces & Flails
  4639 | D:6      | Found a basalt altar of Yredelemnul.
  4704 | D:6      | Found a burning altar of Makhleb.
  4704 | D:6      | Noticed a cacodemon
  4707 | D:6      | Noticed a hellwing
  4707 | D:6      | Noticed a smoke demon
  4877 | D:6      | Noticed AverageBear's ghost (novice HOMo)
  4878 | D:6      | Found a runed translucent gate.
  4878 | D:6      | Found a runed translucent gate.
  4878 | D:6      | Found a runed translucent gate.
  5074 | D:6      | Reached skill level 9 in Maces & Flails
  5107 | D:6      | Killed AverageBear's ghost
  5108 | D:6      | Reached skill level 11 in Maces & Flails
  5679 | D:7      | Reached XP level 10. HP: 74/83 MP: 11/11
  5846 | D:7      | Found an opulent altar of Gozag.
  6198 | D:8      | Noticed a manticore
  6206 | D:8      | Killed a manticore
  6250 | D:8      | Reached *** piety under the Shining One
  6570 | D:8      | Identified the +2 leather armour of the Earth {-Tele rPois
                  | Regen+ Slay+5}
  7259 | D:8      | Noticed a red ugly thing
  7264 | D:8      | Noticed a tengu warrior
  7266 | D:8      | Noticed a two-headed ogre
  7271 | D:8      | Killed a two-headed ogre
  7278 | D:8      | Killed a tengu warrior
  7278 | D:8      | Mangled by a red ugly thing

Illustrated notes

Levels and vault maps discovered:
D:1:      ncdulo_halloftheorcs, layout_basic, st_stairs_9
D:2:      layout_basic, minmay_cupped
D:3:      layout_loops_ring, nicolae_tso_swordbearing_angel,
          hellmonk_ecumenical_altar_inner_sanctum
D:4:      layout_gridville, nicolae_ashenzari_skybound, cheibriados_altar_1,
          lightli_sewer_entry_pipes, glass_columns_a
D:5:      layout_layer_cave, gammafunk_ghost_nasty_kobolds, serial_shops, shop,
          nicolae_shop_stone, nicolae_shop_tiny_statue_garden,
          hangedman_abyss_or_decor_stagger, uniq_crazy_yiuf_cottage
D:6:      layout_loops_ring, makhleb_altar_promises_db,
          nicolae_yredelemnul_corpse_copse, minmay_temple_entry_glass,
          serial_shops, shop, biasface_ghost_orc_armoury,
          nicolae_nh_ransacked_shop, uniq_edmund
D:7:      layout_basic, kennysheep_mini_moat
D:8:      minmay_chambers_of_sixes, layout_layer_cave

Skill      XL: |  1  2  3  4  5  6  7  8  9 10 |
---------------+-------------------------------+-----
Dodging        | 1 3 4 5 6 8 |  8.3
Maces & Flails | 3 5 11 | 11.8
Fighting       | 4 5 7 |  7.0
Shields        | 4 5 6 |  6.9
Armour         | 4 5 6 |  6.8
Invocations    | 1 3 4 |  4.7
Axes           | |  2.4

Action                     |  1- 3 |  4- 6 |  7- 9 | 10-12 || total
---------------------------+-------+-------+-------+-------++-------
  Melee: War axe           |    18 |       |       |       ||    18
         Headbutt          |     7 |    20 |    69 |    28 ||   124
         Short sword       |    45 |    35 |       |       ||    80
         Whip              |       |   154 |   265 |   104 ||   523
         Unarmed           |       |       |    30 |       ||    30
 Invoke: Divine Shield     |       |       |       |     1 ||     1
    Use: Potion            |       |     3 |     2 |       ||     5
         Scroll            |       |       |       |     8 ||     8
 Armour: Scale mail        |    37 |    89 |    70 |    20 ||   216
         Leather armour    |       |       |       |     4 ||     4
  Dodge: Dodged            |    26 |   122 |   161 |    46 ||   355
  Block: Buckler           |    18 |    57 |    56 |    18 ||   149
         Kite shield       |       |       |       |    16 ||    16
